 Dungeon Crawl Stone Soup version 0.28.0 (webtiles) character file.

Game seed: 18102706411590367094

28 Descartes the Chiller (level 3, 0/20 HPs)
             Began as a Deep Elf Wanderer on Feb 12, 2022.
             Slain by an ogre (11 damage)
             ... on level 2 of the Dungeon.
             The game lasted 00:03:04 (1382 turns).

Descartes the Chiller (Deep Elf Wanderer)           Turns: 1382, Time: 00:03:06

Health: 0/20       AC:  5    Str:  7    XL:     3   Next: 0%
Magic:  6/10       EV: 12    Int: 17    God:
Gold:   57         SH:  0    Dex: 17    Spells: 8/9 levels left

rFire   . . .      SeeInvis .   a - +0 dagger
rCold   . . .      Faith    .   (no shield)
rNeg    . . .      Spirit   .   d - +0 leather armour
rPois   .          Reflect  .   i - +0 helmet
rElec   .          Harm     .   (no cloak)
rCorr   .          Rampage  .   (no gloves)
Will    .....                   h - +0 pair of boots
Stlth   +.........              (no amulet)
HPRegen 0.06/turn               (no ring)
MPRegen 0.12/turn               (no ring)

@: very slightly contaminated
A: no striking features
a: no special abilities


You were on level 2 of the Dungeon.
You visited 1 branch of the dungeon, and saw 2 of its levels.

You collected 57 gold pieces.

Inventory:

Hand Weapons
 a - a +0 dagger (weapon)
Missiles
 b - 16 arrows
Armour
 d - a +0 leather armour (worn)
 h - a +0 pair of boots (worn)
 i - a +0 helmet (worn)
Scrolls
 g - a scroll of enchant weapon {unknown}
 k - a scroll of immolation {unknown}
Potions
 c - 2 potions of attraction
 e - a potion of haste {unknown}
 f - 2 potions of flight {unknown}
 j - a potion of curing {unknown}


   Skills:
 - Level 1.0 Fighting
 - Level 1.0 Throwing
 - Level 1.0 Armour
 + Level 2.3 Dodging
 + Level 3.7 Spellcasting
 + Level 4.7 Ice Magic


You had 8 spell levels left.
You knew the following spells:

 Your Spells              Type           Power      Damage    Failure   Level
a - Freeze                Ice            76%        1d9       3%          1

Your spell library contained the following spells:

 Spells                   Type           Power      Damage    Failure   Level
 Frozen Ramparts          Ice            38%        1d5       10%         3
 Ensorcelled Hibernation  Hex/Ice        22%        N/A       14%         2


Dungeon Overview and Level Annotations

Branches:
Dungeon (2/15)

Altars:


Message History

Magic restored.
You see here a worm corpse.
k - a scroll labelled TUIT VAAPU You now have 57 gold pieces (gained 7).
An ogre comes into view. It is wielding a +0 giant club.
The ogre shouts!
The ogre closely misses you.
Casting: Freeze (safe; 3% risk of failure)
Confirm with . or Enter, or press ? or * to list all spells.
Aiming: Freeze (safe; 3% risk of failure)
Press: ? - help, Shift-Dir - straight line, f - ogre
Aim: an ogre, wielding a +0 giant club You freeze the ogre!
The ogre is moderately wounded.
Casting: Freeze (safe; 3% risk of failure)
Confirm with . or Enter, or press ? or * to list all spells.
Aiming: Freeze (safe; 3% risk of failure)
Press: ? - help, Shift-Dir - straight line, f/p - ogre
Aim: an ogre, wielding a +0 giant club (moderately wounded)
You miscast Freeze.
You are very lightly contaminated with residual magic.
Nothing appears to happen.
The ogre hits you with a +0 giant club!
Casting: Freeze (safe; 3% risk of failure)
Confirm with . or Enter, or press ? or * to list all spells.
Aiming: Freeze (safe; 3% risk of failure)
Press: ? - help, Shift-Dir - straight line, f/p - ogre
Aim: an ogre, wielding a +0 giant club (moderately wounded)
You freeze the ogre!
The ogre is severely wounded.
The ogre barely misses you.
Casting: Freeze (safe; 3% risk of failure)
Confirm with . or Enter, or press ? or * to list all spells.
Aiming: Freeze (safe; 3% risk of failure)
Press: ? - help, Shift-Dir - straight line, f/p - ogre
Aim: an ogre, wielding a +0 giant club (severely wounded)
You freeze the ogre!
The ogre is almost dead.
The ogre hits you with a +0 giant club!
Ouch! That really hurt!
You die...

#.# ..... #########.#
..... #.......†.###....)
######+###.............
#......................
#......................
#............###.......
#............# #.......
#.....@......# #......#
.........O.....# #......#
#...............# #......#
#.............#####......#
#.............##<.......##
##............###########
#....######### ....


You could see an ogre.

Vanquished Creatures
  A worm (D:2)
  2 dart slugs (D:1)
  A bat (D:1)
  2 endoplasms (D:1)
  2 hobgoblins (D:1)
  4 ball pythons (D:1)
  A frilled lizard (D:1)
  3 goblins (D:1)
  2 kobolds (D:1)
  3 rats (D:1)
21 creatures vanquished.

Notes
Turn   | Place    | Note
-------+----------+-------------------------------------------
     0 | D:1      | Descartes the Deep Elf Wanderer began the quest for the
                  | Orb.
     0 | D:1      | Descartes set off with the following items: a +0 dagger, a
                  | +0 robe, 2 potions of attraction; and the following spell
                  | memorised: Freeze; and the following spells available to
                  | memorise: Frozen Ramparts, Ensorcelled Hibernation
     0 | D:1      | Reached XP level 1. HP: 12/12 MP: 6/6
   506 | D:1      | Reached XP level 2. HP: 16/16 MP: 6/8
  1332 | D:2      | Reached XP level 3. HP: 20/20 MP: 6/10
  1375 | D:2      | Noticed an ogre
  1382 | D:2      | Slain by an ogre

Illustrated notes

Levels and vault maps discovered:
D:1:      kennysheep_arrival_seaside, layout_basic, minmay_tetromino_l2
D:2:      layout_basic, shapermc_ecumenical_altar_notcrosses,
          kennysheep_generic_room_13

Skill      XL: |  1  2 |
---------------+-------+-----
Dodging        | 2 |  2.3
Fighting       | |  1.0
Throwing       | |  1.0
Armour         | |  1.0
Spellcasting   | |  3.7
Ice Magic      | |  4.7

Action                   || total
-------------------------++-------
Melee: Dagger            ||    10
 Cast: Freeze            ||    31
 Stab: Sleeping          ||     1
Armor: Leather armour    ||     8
Dodge: Dodged            ||    16
